 Dungeon Crawl Stone Soup version 0.27.1-16-g815e20cd7a (webtiles) character file.

Game seed: 602177761731027687

2 Descartes the Ducker (level 1, 0/10 HPs)
             Began as a Spriggan Wanderer on Nov 21, 2021.
             Slain by a ball python (2 damage)
             ... on level 1 of the Dungeon.
             The game lasted 00:01:51 (64 turns).

Descartes the Ducker (Spriggan Wanderer)              Turns: 64, Time: 00:01:52

Health: 0/10       AC:  4    Str:  9    XL:     1   Next: 25%
Magic:  3/3        EV: 14    Int: 13    God:
Gold:   0          SH:  0    Dex: 13    Spells: 2/2 levels left

rFire    . . .     SeeInvis +   a - +0 dagger
rCold    . . .     Faith    .   (shield restricted)
rNeg     . . .     Spirit   .   c - +2 robe
rPois    .         Reflect  .   (helmet restricted)
rElec    .         Harm     .   (no cloak)
rCorr    .         Rampage  .   (gloves unavailable)
Will     .....                  (boots unavailable)
Stlth    ++........             (no amulet)
HPRegen  0.03/turn              (no ring)
MPRegen  0.08/turn              (no ring)

@: constricted, very quick
A: very small, no large weapons, unfitting armour, see invisible, speed 3
a: no special abilities


You were on level 1 of the Dungeon.
You visited 1 branch of the dungeon, and saw 1 of its levels.

Inventory:

Hand Weapons
 a - a +0 dagger (weapon)
Armour
 c - a +2 robe (worn)
Potions
 b - a potion of lignification


   Skills:
 - Level 1.5 Fighting
 + Level 0.1 Short Blades
 - Level 1.0 Crossbows
 + Level 2.7 Dodging
 + Level 1.7 Stealth
 - Level 1.3 Spellcasting
 + Level 0.0 Conjurations
 - Level 1.0 Fire Magic
 - Level 1.0 Earth Magic
 - Level 1.3 Evocations


You had 2 spell levels left.
You didn't know any spells.
Your spell library contained the following spells:

 Spells                   Type           Power      Damage    Failure   Level
 Searing Ray              Conj           2%         3d3       38%         2
 Static Discharge         Conj/Air       0%         N/A       38%         2


Dungeon Overview and Level Annotations

Branches:
Dungeon (1/15)

Altars:


Innate Abilities, Weirdness & Mutations

You are very small and have problems with some larger weapons.
You are too small for most types of armour.
You have supernaturally acute eyesight. (SInv)
You cover ground extremely quickly. (Speed+++)


Message History

You hit the hobgoblin.
The hobgoblin is almost dead.
The hobgoblin hits you but does no damage.
The ball python closely misses you. The ball python grabs you.
The ball python constricts you. The hobgoblin closely misses you.
The goblin misses you.
You barely miss the ball python.
A ball python comes into view.
The hobgoblin barely misses you. The ball python completely misses you.
The ball python constricts you. The hobgoblin closely misses you.
The goblin barely misses you.
You are too injured to fight recklessly!
You are too injured to fight recklessly!
You are too injured to fight recklessly!
You are too injured to fight recklessly!
You are too injured to fight recklessly!
You are too injured to fight recklessly!
You are too injured to fight recklessly!
You are too injured to fight recklessly!
You are too injured to fight recklessly!
You are too injured to fight recklessly!
You are too injured to fight recklessly!
You are too injured to fight recklessly!
You are too injured to fight recklessly!
You are too injured to fight recklessly!
You escape the ball python's grasp.
The hobgoblin closely misses you. The ball python bites you.
The ball python grabs you. The ball python constricts you.
* * * LOW HITPOINT WARNING * * *
You escape the ball python's grasp.
The ball python hisses angrily.
You don't know any spells.
A ball python is nearby!
You hit the ball python.
The ball python is severely wounded.
The ball python barely misses you. The ball python grabs you.
The ball python constricts you.
* * * LOW HITPOINT WARNING * * *
The ball python bites you.
You die...

#.......S#..[.......#.#
#........#.##.........#
#......Sg#.##.......#.#
#......g.g...........#
#......g.##S..†......#
#........##..........#
#....................#
#############S...##..#
.......@S.g..#.###..
###.######..##.... ....
#........#
....######.....#..#
#....(......##...#
#.......### ..#
###...### . ##.##
###'###


You could see a hobgoblin and 2 ball pythons.

Vanquished Creatures
  A bat (D:1)
  A rat (D:1)
2 creatures vanquished.

Notes
Turn   | Place    | Note
-------+----------+-------------------------------------------
     0 | D:1      | Descartes the Spriggan Wanderer began the quest for the
                  | Orb.
     0 | D:1      | Descartes set off with the following items: a +0 dagger, a
                  | potion of lignification, a +2 robe; and the following
                  | spells available to memorise: Searing Ray, Static Discharge
     0 | D:1      | Reached XP level 1. HP: 10/10 MP: 3/3
    64 | D:1      | Slain by a ball python

Illustrated notes

Levels and vault maps discovered:
D:1:      onia_arrival_pentagram, layout_basic,
          hellmonk_ecumenical_altar_lost_god

Action                   || total
-------------------------++-------
Melee: Dagger            ||    20
Armor: Robe              ||     3
Dodge: Dodged            ||    35
